[Event "New York Winter Invitational GM-B 2022"]
[Site "New York"]
[Date "2022.01.15"]
[Round "4.5"]
[White "Mandizha, Farai"]
[Black "Tsay, Vincent"]
[Result "0-1"]
[ECO "C13"]
[WhiteElo "2377"]
[BlackElo "2295"]
[Annotator "ChessBase"]
[PlyCount "116"]
[EventDate "2022.01.11"]
[EventType "tourn"]
[EventCountry "USA"]
[SourceTitle "playchess.com"]
[Source "ChessBase"]
[SourceQuality "1"]
[TimeControl "5400+30"]

1. e4 e6 2. d4 d5 3. Nc3 Nf6 4. Bg5 dxe4 5. Nxe4 Nbd7 6. Nf3 h6 7. Bh4 c5 8. dxc5 Qa5+ 9. Qd2 Qxd2+ 10. Nfxd2 Nxe4 11. Nxe4 f5 12. Be2 Kf7 13. Nd6+ Bxd6 14. cxd6 g5 15. Bg3 f4 16. O-O-O fxg3 17. hxg3 Nf6 18. f4 Bd7 19. Rhe1 Rac8 20. Rd4 b5 21. Bd3 Rc5 22. f5 Re8 23. fxe6+ Rxe6 24. Rf1 Kg7 25. a4 a6 26. axb5 axb5 27. Rd1 Ree5 28. c4 bxc4 29. Bxc4 Re2 30. b3 Bf5 31. R1d2 Rxd2 32. Kxd2 Kf8 33. Kc3 Ke8 34. Kb4 Re5 35. Rd1 Be4 36. Bb5+ Kd8 37. Re1 Rd5 38. d7 Re5 39. g4 Nxd7 40. Rh1 Re6 41. Rd1 Bc6 42. Bc4 Rf6 43. Rd2 Kc7 44. Re2 Rf4 45. Re6 Bxg2 46. Rxh6 Rxg4 47. Kc3 Rf4 48. Kd2 Bc6 49. Ke3 Ne5 50. Rh7+ Kb6 51. Be2 Ng4+ 52. Kd2 Rd4+ 53. Kc3 Re4 54. Bd3 Re3 55. Kd2 Rxd3+ 56. Kxd3 Be4+ 57. Kxe4 Nf6+ 58. Kf5 Nxh7 0-1